 Dungeon Crawl Stone Soup version 0.30-a0-170-g85af917532 (webtiles) character file.

Game seed: 12316329915402040834

1129 Iusername the Poker (level 8, -2/69 HPs)
             Began as a Minotaur Fighter on Sept 30, 2022.
             Slain by Duvessa
             ... wielding a +0 short sword
              (6 damage)
             ... on level 6 of the Dungeon.
             The game lasted 00:09:08 (5982 turns).

Iusername the Poker (Minotaur Fighter)              Turns: 5982, Time: 00:09:09

Health: -2/69      AC:  7    Str: 23    XL:     8   Next: 13%
Magic:  7/7        EV: 10    Int:  5    God:
Gold:   227        SH:  5    Dex: 10    Spells: 7/7 levels left

rFire   . . .      SeeInvis .    a - +0 trident
rCold   + . .      Faith    .    c - +0 buckler
rNeg    . . .      Spirit   .    b - +0 scale mail
rPois   .          Reflect  .    (helmet restricted)
rElec   .          Harm     .    (no cloak)
rCorr   .          Rampage  .    (no gloves)
Will    .....                    (no boots)
Stlth   ..........               (no amulet)
HPRegen 0.21/turn                (no ring)
MPRegen 0.10/turn                (no ring)

@: no status effects
A: horns 2, retaliatory headbutt, hooves 1, cold resistance 1
a: no special abilities


You were on level 6 of the Dungeon.
You visited 1 branch of the dungeon, and saw 6 of its levels.

You collected 227 gold pieces.

Inventory:

Hand Weapons
 a - a +0 trident (weapon)
Armour
 b - a +0 scale mail (worn)
 c - a +0 buckler (worn)
Jewellery
 i - a +6 ring of intelligence
 l - an amulet of the acrobat
Wands
 o - a wand of quicksilver (8)
 r - a wand of charming (8)
 t - a wand of iceblast (3)
 u - a wand of mindburst (7)
Scrolls
 e - 2 scrolls of blinking
 h - a scroll of torment {unknown}
 j - 2 scrolls of butterflies {unknown}
 n - a scroll of teleportation {unknown}
Potions
 f - a potion of berserk rage {unknown}
 g - 2 potions of magic
 k - a potion of heal wounds {unknown}
 m - a potion of brilliance
 p - a potion of lignification
 s - 2 potions of resistance


   Skills:
 + Level 5.5 Fighting
 + Level 7.5 Polearms
 + Level 6.8 Armour
 + Level 2.6 Dodging
 + Level 0.9 Stealth
 + Level 5.3 Shields


You had 7 spell levels left.
You didn't know any spells.
Your spell library contained the following spells:

 Spells                   Type           Power      Damage    Failure   Level
 Beastly Appendage        Tmut           0%         N/A       85%         1
 Magic Dart               Conj           0%         1d3       85%         1
 Slow                     Hex            0%         N/A       85%         1
 Summon Small Mammal      Summ           0%         N/A       85%         1
 Call Imp                 Summ           0%         N/A       94%         2
 Wereblood                Tmut           0%         N/A       94%         2
 Call Canine Familiar     Summ           0%         N/A       99%         3
 Confusing Touch          Hex            0%         N/A       99%         3
 Frozen Ramparts          Ice            0%         1d1       99%         3
 Gell's Gravitas          Tloc           0%         N/A       99%         3
 Lesser Beckoning         Tloc           0%         N/A       99%         3
 Mephitic Cloud           Conj/Pois/Air  0%         N/A       99%         3
 Spider Form              Tmut/Pois      0%         N/A       99%         3
 Summon Guardian Golem    Hex/Summ       0%         N/A       99%         3
 Teleport Other           Tloc           0%         N/A       99%         3
 Vampiric Draining        Necr           0%         2d6       99%         3
 Ice Form                 Ice/Tmut       0%         N/A       100%        4
 Summon Ice Beast         Ice/Summ       0%         N/A       100%        4
 Dispersal                Tloc           0%         N/A       100%        6


Dungeon Overview and Level Annotations

Branches:
Dungeon (6/15)
 Temple: D:4-7

Altars:
Dithmenos
Elyvilon
Hepliaklqana
Kikubaaqudgha
Makhleb
Ru
Sif Muna
Vehumet
Wu Jian
Yredelemnul

Shops:
D:1 [

Annotations:
D:6 Duvessa


Innate Abilities, Weirdness & Mutations

You have a pair of horns on your head.
You reflexively headbutt those who attack you in melee.
You have large cloven feet.
Your flesh is cold resistant. (rC+)


Message History

Duvessa hits you with a +0 short sword!
You hit Duvessa. You kick Duvessa. You headbutt Duvessa, but do no damage.
Duvessa is lightly wounded.
You block Duvessa's attack. You block the adder's attack.
Duvessa hits you but does no damage. The adder completely misses you.
You furiously retaliate!
You headbutt the adder!
You kill the adder!
You hit Duvessa. You kick Duvessa. Your headbutt misses Duvessa.
Duvessa is moderately wounded.
Duvessa hits you with a +0 short sword!
You are too injured to fight recklessly!
You puncture Duvessa! You kick Duvessa. You headbutt Duvessa.
Duvessa is heavily wounded.
Duvessa hits you with a +0 short sword!
* * * LOW HITPOINT WARNING * * *
Duvessa hits you with a +0 short sword!
* * * LOW HITPOINT WARNING * * *
Unknown command.
You feel better. Duvessa barely misses you.
Aiming: Iceblast
Press: ? - help, Shift-Dir - straight line The mass of ice explodes!
The iceblast engulfs Duvessa.
Duvessa is heavily wounded.
You hear a shout! x2
Duvessa closely misses you. You furiously retaliate!
You headbutt Duvessa, but do no damage. Duvessa hits you with a +0 short sword!
* * * LOW HITPOINT WARNING * * *
An ogre comes into view. It is wielding a +0 giant club.
You puncture Duvessa!
Duvessa is severely wounded.
Duvessa completely misses you. You furiously retaliate!
You headbutt Duvessa, but do no damage. You hit Duvessa but do no damage.
Your headbutt misses Duvessa.
Duvessa is severely wounded.
You block Duvessa's attack. Duvessa completely misses you.
You furiously retaliate!
You headbutt Duvessa! You hit Duvessa. You kick Duvessa, but do no damage.
Duvessa is almost dead.
Duvessa hits you with a +0 short sword.
You die...

.#....# .#....#
.#....###############
.....................
...[.########.########
.....# #.#.......
.....# #...#### ######
#####..#O.#
#.......@e.#
+.......#†.....#
#.......#..#.#.#
..........!..#
#......###....
#.###### ...<# #.
.....# .##..#


You could see Duvessa (berserk) and an ogre.

Vanquished Creatures
  Sigmund (D:4)
  A black bear (D:4)
  An ogre (D:5)
  A gnoll sergeant (D:6)
  A scorpion (D:4)
  A necrophage (D:6)
  Dowan (D:6)
  A vampire bat (D:3)
  3 jellies (D:5)
  An orc priest (D:5)
  An iguana (D:5)
  4 orc wizards
  4 gnolls (D:5)
  6 adders
  A shadow imp (D:4)
  An ufetubus (D:5)
  2 dart slugs
  3 fire bats (D:3)
  22 orcs
  2 spectral bats (D:3)
  10 ball pythons
  3 bat skeletons (D:3)
  A bat zombie (D:3)
  4 endoplasms
  3 giant cockroaches
  3 hobgoblins
  3 jackals (D:1)
  3 kobolds
  2 quokkas
  12 bats
  A bat simulacrum (D:3)
  3 frilled lizards
  6 goblins
  5 rats
117 creatures vanquished.

Vanquished Creatures (others)
  A human (D:3)
  A scorpion (D:6)
2 creatures vanquished.

Grand Total: 119 creatures vanquished

Notes
Turn   | Place    | Note
-------+----------+-------------------------------------------
     0 | D:1      | Iusername the Minotaur Fighter began the quest for the Orb.
     0 | D:1      | Reached XP level 1. HP: 19/19 MP: 0/0
   157 | D:1      | Found Reavean's Armour Shoppe.
   214 | D:1      | Found a faded altar of an unknown god.
   439 | D:1      | Reached XP level 2. HP: 27/27 MP: 1/1
   758 | D:1      | Prayed at the altar of an unknown god.
   758 | D:1      | Became a worshipper of Sif Muna the Loreminder
   758 | D:1      | Reached * piety under Sif Muna
   759 | D:1      | Fell from the grace of Sif Muna
  1015 | D:2      | Reached skill level 3 in Polearms
  1015 | D:2      | Reached XP level 3. HP: 32/33 MP: 2/2
  1078 | D:2      | Found a radiant altar of Vehumet.
  1303 | D:2      | You fall into a shaft and drop 2 floors!
  1335 | D:3      | Reached XP level 4. HP: 40/40 MP: 3/3
  1350 | D:3      | Found an ornate altar of the Wu Jian Council.
  1549 | D:3      | Found an ancient bone altar of Kikubaaqudgha.
  1552 | D:3      | Noticed a human
  1553 | D:3      | Killed a human
  1676 | D:3      | Reached skill level 4 in Polearms
  1846 | D:3      | Found a burning altar of Makhleb.
  2169 | D:3      | Reached XP level 5. HP: 45/46 MP: 4/4
  2275 | D:3      | Reached skill level 5 in Polearms
  2275 | D:3      | Reached skill level 1 in Dodging
  2365 | D:4      | Noticed Sigmund
  2385 | D:4      | Killed Sigmund
  2386 | D:4      | Reached skill level 5 in Armour
  2386 | D:4      | Reached XP level 6. HP: 15/53 MP: 5/5
  3093 | D:4      | Reached skill level 6 in Polearms
  3601 | D:5      | Entered Level 5 of the Dungeon
  3618 | D:5      | Reached XP level 7. HP: 56/60 MP: 6/6
  3676 | D:4      | Reached skill level 5 in Fighting
  3676 | D:4      | Reached skill level 5 in Shields
  3873 | D:5      | HP: 3/61 [orc/+0 morningstar (5)]
  3876 | D:5      | Gained mutation: You have large cloven feet. [potion of
                  | mutation]
  3876 | D:5      | Gained mutation: Your flesh is cold resistant. (rC+)
                  | [potion of mutation]
  3878 | D:5      | Reached skill level 7 in Polearms
  4415 | D:5      | Found a sacrificial altar of Ru.
  4415 | D:5      | Found a white marble altar of Elyvilon.
  4416 | D:5      | Found a shadowy altar of Dithmenos.
  4599 | D:5      | Found a radiant altar of Vehumet.
  4602 | D:5      | Found a hazy altar of Hepliaklqana.
  4603 | D:5      | Found a basalt altar of Yredelemnul.
  5535 | D:6      | HP: 2/61 [gnoll sergeant/+0 spear (6)]
  5537 | D:6      | Reached XP level 8. HP: 3/69 MP: 3/7
  5969 | D:6      | Noticed Duvessa
  5969 | D:6      | Noticed Dowan
  5973 | D:6      | Killed Dowan
  5977 | D:6      | HP: 3/69 [Duvessa/+0 short sword (13)]
  5982 | D:6      | Slain by Duvessa

Illustrated notes

Levels and vault maps discovered:
D:1:      sevenhm_arrival_forest_fort_large_4, layout_loops_cross,
          shapermc_ecumenical_altar_totnotflames, serial_shops,
          nicolae_diamond_shop, hangedman_abyss_or_decor_lesser_grid
D:2:      layout_basic, basic_altar, minmay_small_reverse_x
D:3:      layout_rooms, mainiacjoe_overflow_small_starburst,
          mainiacjoe_overflow_brackets, tgw_kikubaaqudgha,
          minmay_misc_feat_five, goddamned_bats
D:4:      layout_loops_ring, uniq_sigmund
D:5:      layout_rooms, gammafunk_temple_overflow_forgotten,
          chequers_temple_overflow_statue_of_worship, corexii_hall_statues_x
D:6:      layout_basic, lemuel_temple_firewalk_b, uniq_duvessa

Skill      XL: |  1  2  3  4  5  6  7 |
---------------+----------------------+-----
Fighting       | 4 5 |  5.5
Armour         | 4 5 6 |  6.8
Polearms       | 3 4 5 6 7 |  7.5
Shields        | 4 5 |  5.3
Dodging        | 1 2 |  2.6
Stealth        | |  0.9

Action                   |  1- 3 |  4- 6 |  7- 9 || total
-------------------------+-------+-------+-------++-------
Melee: Trident           |    72 |   132 |   108 ||   312
       Headbutt          |     5 |    16 |    21 ||    42
       Kick              |       |       |    23 ||    23
Invok: Renounce Religion |     1 |       |       ||     1
Evoke: Wand              |       |       |     4 ||     4
  Use: Scroll            |       |     5 |     1 ||     6
       Potion            |       |       |     8 ||     8
Armor: Scale mail        |    21 |    67 |    56 ||   144
Dodge: Dodged            |    24 |    50 |    82 ||   156
Block: Buckler           |    13 |    28 |    46 ||    87

Table legend: (Time is in decaauts)
 A = Elapsed time spent in this place.
 B = Non-inter-level travel time spent in this place.
 C = Inter-level travel time spent in this place.
 D = Time resting spent in this place.
 E = Time spent auto-exploring this place.
 F = Levels seen in this place.
 G = Mean time per level.
                   A        B        C        D        E       F      G
               +--------+--------+--------+--------+--------+-----+--------+
         Total |   6023 |   5848 |    175 |   2179 |   2931 |   6 | 1003.8 |
       Dungeon |   6023 |   5848 |    175 |   2179 |   2931 |   6 | 1003.8 |
               +--------+--------+--------+--------+--------+-----+--------+

Top non-repeatable levels by time:
     D:4: 1768 daAuts
     D:5: 1405 daAuts
     D:3: 1045 daAuts
     D:1: 788 daAuts
     D:2: 527 daAuts
     D:6: 486 daAuts
